 Dungeon Crawl Stone Soup version 0.28-a0-643-g84cb2ea78e (webtiles) character file.

Game seed: 11928106110778711952

1082 Demosthentine the Poker (level 8, -7/62 HPs)
             Began as a Merfolk Gladiator on Oct 11, 2021.
             Mangled by Duvessa (16 damage)
             ... on level 4 of the Dungeon.
             The game lasted 00:04:54 (4005 turns).

Demosthentine the Poker (Merfolk Gladiator)         Turns: 4005, Time: 00:04:54

Health: -7/62      AC:  9    Str: 13 (16) XL:     8   Next: 30%
Magic:  8/8        EV: 14    Int:  7 (8)  God:
Gold:   159        SH:  0    Dex: 12 (15) Spells: 7/7 levels left

rFire   . . .      SeeInvis .   a - +0 trident
rCold   . . .      Faith    .   (no shield)
rNeg    + . .      Spirit   .   b - +0 leather armour
rPois   .          Reflect  .   c - +1 helmet
rElec   .          Harm     .   (no cloak)
rCorr   .          Rampage  .   (no gloves)
Will    .....                   (no boots)
Stlth   +.........              (no amulet)
HPRegen 0.20/turn               i - +4 ring of protection
MPRegen 0.11/turn               g - ring of positive energy

@: lit by a corona, attractive, flying, glowing
A: (nimble swimmer 2), mertail
a: no special abilities


You were on level 4 of the Dungeon.
You visited 1 branch of the dungeon, and saw 4 of its levels.
You also visited: Ossuary.

You collected 159 gold pieces.

Inventory:

Hand Weapons
 a - a +0 trident (weapon)
Missiles
 d - a throwing net (quivered)
Armour
 b - a +0 leather armour (worn)
 c - a +1 helmet (worn)
 j - a +0 buckler
Jewellery
 f - a ring of protection from cold
 g - a ring of positive energy (right hand)
 i - a +4 ring of protection (left hand)
Wands
 e - a wand of digging (3)
Scrolls
 k - 2 scrolls of teleportation
 m - 3 scrolls of identify
Potions
 h - 2 potions of degeneration
 l - a potion of curing
 n - a potion of mutation


   Skills:
 + Level 5.1 Fighting
 + Level 7.6 Polearms
 - Level 2.0 Throwing
 + Level 3.0 Armour
 + Level 6.9 Dodging
 + Level 3.5 Shields


You had 7 spell levels left.
You didn't know any spells.
Your spell library contained the following spells:

 Spells                   Type           Power      Damage    Failure   Level
 Slow                     Hex            0%         N/A       65%         2
 Confusing Touch          Hex            0%         N/A       87%         3
 Yara's Violent Unravell  Hex/Tmut       0%         3d3       100%        5


Dungeon Overview and Level Annotations

Branches:
Dungeon (4/15)            Ossuary (visited)
 Temple: D:4-7

Altars:

Shops:
D:4 [

Annotations:
D:4 Demosthentine's ghost, amateur MfGl; Dowan; Duvessa


Innate Abilities, Weirdness & Mutations

((You are quick and stealthy near water. (Stealth+, EV+, Speed+++)))
Your lower body shifts to a powerful aquatic tail in water.


Message History

Duvessa hits you with a +3 short sword of electrocution.
Unknown command.
Unknown command.
Dowan points at you and mumbles some strange words.
You are outlined in light.
Unknown command.
Unknown command.
Unknown command.
Duvessa says, "Beauty is only skin deep, and my weapons penetrate much further than that."
It was a potion of degeneration.
There was something very wrong with that liquid.
You feel weakened.
You feel dopey.
You feel clumsy.
It was a potion of attraction.
You feel attractive to monsters. Duvessa is attracted toward you.
Dowan is attracted toward you.
Okay, then.
You hit Duvessa.
Duvessa is heavily wounded.
Duvessa hits you with a +3 short sword of electrocution!
You barely miss Duvessa.
Duvessa is heavily wounded.
Duvessa barely misses you.
You hit Duvessa.
Duvessa is heavily wounded.
Duvessa closely misses you.
Dowan casts a spell.
Dowan blinks!
Dowan is attracted toward you.
You hit Duvessa.
Duvessa is heavily wounded.
Duvessa hits you with a +3 short sword of electrocution!
It was a potion of flight.
You feel very buoyant.
You fly up into the air.
Dowan hits you but does no damage.
Duvessa hits you with a +3 short sword of electrocution!!
* * * LOW HITPOINT WARNING * * *
Unknown command.
You feel better. Dowan hits you but does no damage.
Duvessa says, "When magic and the sword combine, nothing stands against them."
Duvessa hits you with a +3 short sword of electrocution!
You die...

....... .......)...♣e♣.♣.♣..#
........ ....................#
.^....... .##...#.#.#....####.#
.........###...(............. #
...............)..###########
...............##.#
<...........####..#
........#.## #e## ..........#
##@# ......###.#####.e##
..>........##..).§##
.##................##
.#..................# ######
.#.#................######....#
.#.#..........................#
)#.#......>..........#######..#
...#.................#.....#..#


You could see Duvessa (strong) and Dowan.

Vanquished Creatures
  Grinder (D:4)
  Sigmund (D:4)
  Eustachio (D:4)
  Menkaure (D:4)
  Edmund (D:4)
  2 elf zombies (Ossuary)
  A centaur zombie (Ossuary)
  Terence (D:2)
  2 mummies (Ossuary)
  An adder (D:2)
  4 gnolls
  An adder zombie (Ossuary)
  3 worms (D:2)
  An orc (D:3)
  5 endoplasms
  2 giant cockroaches
  7 goblins
  7 hobgoblins
  5 quokkas
  11 ball pythons
  6 bats
  5 frilled lizards
  6 goblin zombies
  9 hobgoblin zombies (Ossuary)
  3 jackal zombies (Ossuary)
  4 kobolds
  7 kobold zombies (Ossuary)
  9 orc zombies (Ossuary)
  4 rats
  A rat zombie (Ossuary)
112 creatures vanquished.

Notes
Turn   | Place    | Note
-------+----------+-------------------------------------------
     0 | D:1      | Demosthentine the Merfolk Gladiator began the quest for the
                  | Orb.
     0 | D:1      | Reached XP level 1. HP: 16/16 MP: 1/1
   474 | D:1      | Reached XP level 2. HP: 23/23 MP: 2/2
  1042 | D:2      | Reached XP level 3. HP: 28/28 MP: 3/3
  1196 | D:2      | Noticed Terence
  1213 | D:2      | Killed Terence
  1214 | D:2      | Reached skill level 5 in Polearms
  1214 | D:2      | Reached skill level 1 in Armour
  1214 | D:2      | Reached XP level 4. HP: 24/35 MP: 4/4
  2623 | D:2      | Reached skill level 5 in Dodging
  2623 | D:2      | Reached XP level 5. HP: 21/41 MP: 5/5
  2975 | D:4      | Noticed Grinder
  2988 | D:4      | Paralysed by Grinder for 7 turns
  3002 | D:4      | Paralysed by Grinder for 5 turns
  3012 | D:4      | Killed Grinder
  3013 | D:4      | Reached skill level 6 in Polearms
  3013 | D:4      | Reached skill level 1 in Shields
  3013 | D:4      | Reached XP level 6. HP: 31/48 MP: 6/6
  3127 | D:4      | Noticed Edmund
  3150 | D:4      | Killed Edmund
  3151 | D:4      | Reached XP level 7. HP: 30/54 MP: 7/7
  3193 | D:4      | Noticed Menkaure
  3212 | D:4      | Killed Menkaure
  3217 | D:4      | Noticed Eustachio
  3271 | D:4      | Noticed Demosthentine's ghost (amateur MfGl)
  3279 | D:4      | Killed Eustachio
  3326 | D:4      | Found a sand-covered staircase.
  3333 | Ossuary  | Entered an ossuary
  3474 | Ossuary  | Reached skill level 7 in Polearms
  3762 | Ossuary  | Reached XP level 8. HP: 57/61 MP: 8/8
  3902 | D:4      | Noticed Sigmund
  3905 | D:4      | Found Cajefar's Antique Armour Shoppe.
  3915 | D:4      | Killed Sigmund
  3916 | D:4      | Reached skill level 5 in Fighting
  3981 | D:4      | Noticed Duvessa
  3981 | D:4      | Noticed Dowan
  4004 | D:4      | HP: 1/62 [Duvessa (20)]
  4005 | D:4      | Mangled by Duvessa

Illustrated notes

Levels and vault maps discovered:
D:1:      tarquinn_simple_flora_water_d, layout_loops_corners
D:2:      layout_loops_ring, columned_hall_lemuel, uniq_terence
D:3:      layout_rooms
D:4:      layout_rooms, enter_ossuary_4, gammafunk_ghost_split,
          minmay_shop_grid_forest, hex_medium, uniq_eustachio, uniq_grinder,
          uniq_sigmund, uniq_menkaure, uniq_duvessa, uniq_edmund

Skill      XL: |  1  2  3  4  5  6  7  8 |
---------------+-------------------------+-----
Fighting       | 3 4 5 |  5.1
Polearms       | 5 6 7 |  7.6
Armour         | 1 2 3 |  3.0
Dodging        | 5 6 |  6.9
Shields        | 1 2 3 |  3.5
Throwing       | |  2.0

Action                   |  1- 3 |  4- 6 |  7- 9 || total
-------------------------+-------+-------+-------++-------
Melee: Trident           |    84 |   165 |   245 ||   494
Throw: Throwing net      |     3 |     2 |       ||     5
  Use: Scroll            |     2 |     5 |       ||     7
       Potion            |       |     2 |     5 ||     7
 Stab: Sleeping          |     5 |     2 |       ||     7
       Held in net/web   |     1 |       |       ||     1
Armor: Leather armour    |    14 |    42 |    67 ||   123
Dodge: Dodged            |    48 |   104 |   128 ||   280

Table legend: (Time is in decaauts)
 A = Elapsed time spent in this place.
 B = Non-inter-level travel time spent in this place.
 C = Inter-level travel time spent in this place.
 D = Time resting spent in this place.
 E = Time spent auto-exploring this place.
 F = Levels seen in this place.
 G = Mean time per level.
                   A        B        C        D        E       F      G
               +--------+--------+--------+--------+--------+-----+--------+
         Total |   4004 |   3921 |     83 |    213 |   2712 |   5 |  800.8 |
       Dungeon |   3482 |   3399 |     83 |    213 |   2413 |   4 |  870.5 |
       Ossuary |    521 |    521 |      0 |      0 |    299 |   1 |  521.0 |
               +--------+--------+--------+--------+--------+-----+--------+

Top non-repeatable levels by time:
     D:2: 1378 daAuts
     D:1: 1041 daAuts
     D:4: 536 daAuts
     D:3: 525 daAuts
 Ossuary: 521 daAuts
